 Dungeon Crawl Stone Soup version 0.19.5 (webtiles) character file.

49 sveltemanboy the Skirmisher (level 3, -3/20 HPs)
             Began as a Vine Stalker Wanderer on Mar 10, 2017.
             Slain by Crazy Yiuf
             ... wielding a +3 quarterstaff of chaos
              (4 damage)
             ... on level 2 of the Dungeon.
             The game lasted 00:03:12 (2131 turns).

sveltemanboy the Skirmisher (Vine Stalker Wanderer) Turns: 2131, Time: 00:03:13

Health: -3/20      AC:  2    Str: 16    XL:     3   Next: 77%
Magic:  0/4        EV: 12    Int: 11    God:
Gold:   124        SH:  0    Dex: 13    Spells: 0 memorised, 2 levels left

rFire  . . .     SeeInvis .     a - +2 mace
rCold  . . .     Gourm    .     d - +0 robe
rNeg   . . .     Faith    .     (no shield)
rPois  .         Spirit   +     (no helmet)
rElec  .         Reflect  .     (no cloak)
rCorr  .         Harm     .     (no gloves)
MR     .....                    (no boots)
Stlth  ++........               n - amulet of magic regeneration
                                (no ring)
                                (no ring)

@: lethally poisoned (-3 -> -12)
A: fangs 2, magic shield, antimagic bite, no device heal 3, rot immunity
a: no special abilities


You were on level 2 of the Dungeon.
You were hungry.

You visited 1 branch of the dungeon, and saw 2 of its levels.

You collected 124 gold pieces.

Inventory:

Hand Weapons
 a - a +2 mace (weapon)
Armour
 d - a +0 robe (worn)
Jewellery
 n - an amulet of magic regeneration (around neck)
Scrolls
 c - 4 scrolls of teleportation
 g - 3 scrolls of enchant weapon {unknown}
 h - 5 scrolls of identify {unknown}
 j - a scroll of fear {unknown}
 k - a scroll of remove curse {unknown}
Potions
 b - a potion of lignification
 e - 2 potions of curing {unknown}
 m - a potion of haste {unknown}
 o - a potion of flight {unknown}
 p - a potion of brilliance {unknown}
Comestibles
 f - a bread ration
 l - 2 fruits


   Skills:
 - Level 3.6 Fighting
   Level 1.0(1.9) Axes
 * Level 2.5(2.7) Maces & Flails
 + Level 1.7 Armour
 + Level 1.2 Dodging
 - Level 2.4 Stealth


You had 2 spell levels left.
You didn't know any spells.

Dungeon Overview and Level Annotations

Branches:
Dungeon (2/15)

Altars:

Annotations:
D:2 Crazy Yiuf, Sigmund


Innate Abilities, Weirdness & Mutations

You have extremely sharp teeth.
When hurt, damage is shared between your health and your magic reserves.
Your bite disrupts and absorbs the magic of your enemies.
Potions and wands cannot restore your health.
You are immune to rotting.


Message History

Found a runed door.
As you open the door, it creaks loudly!
Crazy Yiuf the Enlightened comes into view.
He is wielding a quarterstaff of chaos.
Crazy Yiuf shouts!
Found a mace.
There is an open door here.
You completely miss Crazy Yiuf. You bite Crazy Yiuf. You drain his power.
Crazy Yiuf is lightly wounded.
Crazy Yiuf hits you with a quarterstaff of chaos.
You hit Crazy Yiuf. Your bite misses Crazy Yiuf.
Crazy Yiuf is moderately wounded.
Crazy Yiuf hits you with a quarterstaff of chaos!
You are poisoned.
You completely miss Crazy Yiuf. Your bite misses Crazy Yiuf.
Crazy Yiuf is moderately wounded.
You feel sick.
Crazy Yiuf hits you with a quarterstaff of chaos!
* * * LOW HITPOINT WARNING * * *
Crazy Yiuf freezes you.
You die...

..'.......................'.[....
..####........####.#...####......
.## ##.#.....# #...#.## ##.....
## ###.##### ####### ##.... # #.#
##... #.# ######## #+# ### ####
###.#..'.## #.# #...##..#......##
#.# #..g@.####......###.#
######## #)..### ##.+...##...
.......#### #### #####....).
###.......# ####... # #.##.####
##.# ###.##.# ######## ....##.#
........ ######.# ########
.......#


You could see Crazy Yiuf.

Vanquished Creatures
  An adder (D:2)
  A worm (D:2)
  2 dart slugs
  A leopard gecko (D:2)
  3 bats (D:1)
  2 giant cockroaches (D:1)
  4 goblins
  11 kobolds
  2 ball pythons (D:1)
  5 frilled lizards
  A rat (D:2)
33 creatures vanquished.

Notes
Turn   | Place    | Note
-------+----------+-------------------------------------------
     0 | D:1      | sveltemanboy the Vine Stalker Wanderer began the quest for the Orb.
     0 | D:1      | sveltemanboy set off with: a +2 mace, a potion of lignification, a scroll of teleportation, a +0 robe, a +0 dagger, a bread ration
     0 | D:1      | Reached XP level 1. HP: 12/12 MP: 2/2
   597 | D:1      | Reached XP level 2. HP: 13/16 MP: 3/3
  1053 | D:1      | Reached skill level 1 in Dodging
  1053 | D:1      | Reached XP level 3. HP: 18/20 MP: 4/4
  1177 | D:2      | Noticed Sigmund
  2123 | D:2      | Found a runed door.
  2127 | D:2      | Noticed Crazy Yiuf
  2131 | D:2      | HP: 1/20 [Crazy Yiuf/quarterstaff of chaos (9)]
  2131 | D:2      | Slain by Crazy Yiuf

Skill      XL: |  1  2 |
---------------+-------+-----
Maces & Flails | 2 |  2.5
Dodging        | 1 |  1.2
Fighting       | |  3.6
Axes           | |  1.0
Armour         | |  1.7
Stealth        | |  2.4

Action                   || total
-------------------------++-------
Melee: Mace              ||    80
       Bite              ||    22
 Stab: Distracted        ||     1
       Sleeping          ||     4
  Eat: Chunk             ||     3
Armor: Robe              ||    13
Dodge: Dodged            ||    47
